 Dungeon Crawl Stone Soup version 0.31-a0-1002-g8e65716e6e (webtiles) character file.

Game seed: 12316334889180565718

5 Armakuni the Chiller (level 1, 0/16 HPs)
             Began as a Human Wanderer on Nov 9, 2023.
             Succumbed to a kobold's poison
             ... on level 1 of the Dungeon.
             The game lasted 00:00:47 (62 turns).

Armakuni the Chiller (Human Wanderer)                 Turns: 62, Time: 00:00:47

Health: 0/16       AC:  6    Str: 14    XL:     1   Next: 88%
Magic:  2/3        EV:  9    Int: 10    God:
Gold:   0          SH:  0    Dex: 12    Spells: 3/4 levels left

rFire   . . .        a - +0 falchion
rCold   . . .        (no shield)
rNeg    . . .        b - +0 scale mail
rPois   .            (no helmet)
rElec   .            (no cloak)
rCorr   .            (no gloves)
SInv    .            (no boots)
Will    .....        (no amulet) Stlth
                     (no ring)
HPRegen 0.22/turn    (no ring)
MPRegen 0.08/turn

%: no passive effects
@: lethally poisoned (0 -> -17)
A: no striking features
a: no special abilities


You were on level 1 of the Dungeon.
You visited 1 branch of the dungeon, and saw 1 of its levels.

Inventory:

Hand Weapons
 a - a +0 falchion (weapon)
Armour
 b - a +0 scale mail (worn)
Scrolls
 c - a scroll of fog


   Skills:
 + Level 1.8 Fighting
 - Level 1.0 Long Blades
 - Level 2.0 Armour
 - Level 2.0 Spellcasting
 - Level 4.0 Ice Magic


You had 3 spell levels left.
You knew the following spells:

 Your Spells              Type           Power      Damage    Failure   Level
a - Freeze                Ice            36%        1d5       26%         1

Your spell library contained the following spells:

 Spells                   Type           Power      Damage    Failure   Level
 Frozen Ramparts          Ice            18%        1d3       58%         3
 Ensorcelled Hibernation  Hex/Ice        10%        N/A       65%         2


Dungeon Overview and Level Annotations

Branches:
Dungeon (1/15)

Altars:


Message History

A kobold comes into view. It is wielding a +2 dagger of venom.
The kobold shouts!
You hear a bark! x2
A jackal comes into view.
A jackal comes into view.
The jackal barks!
You hear a shout!
The kobold hits you but does no damage.
You are poisoned.
You miss the kobold.
You feel sick. The kobold barely misses you.
A kobold comes into view. It is wielding a +0 dagger.
You hit the kobold but do no damage.
You feel sick. The kobold hits you but does no damage.
You are lethally poisoned!
The kobold barely misses you.
You barely miss the kobold.
You feel very sick. The kobold hits you but does no damage.
You are more poisoned.
You completely miss the kobold.
* * * LOW HITPOINT WARNING * * *
You feel very sick. The kobold completely misses you.
You are too injured to fight recklessly!
You are too injured to fight recklessly!
You are too injured to fight recklessly!
You are too injured to fight recklessly!
You are too injured to fight recklessly!
You are too injured to fight recklessly!
You are too injured to fight recklessly!
You are too injured to fight recklessly!
You are too injured to fight recklessly!
You aren't carrying any potions.
Okay, then.
You aren't carrying any potions.
Unknown command.
Aiming: Freeze (safe; 26% risk of failure)
Press: ? - help, Q - select action Shift-Dir - straight line, f - kobold
Aim: a kobold, wielding a +2 dagger of venom You freeze the kobold.
You kill the kobold!
You die...

. ...## ######
.....h######....#
....Kh)@...'....#
############....#
#..†.# #.#### #.#
# ###.# #.. #...#
#....##.#####
#......†....#


You could see 2 jackals and a kobold.

Vanquished Creatures
  A dart slug (D:1)
  A ball python (D:1)
  A quokka (D:1)
  A kobold (D:1)
4 creatures vanquished.

Notes
Turn   | Place    | Note
-------+----------+-------------------------------------------
     0 | D:1      | Armakuni the Human Wanderer began the quest for the Orb.
     0 | D:1      | Armakuni set off with the following items: a +0 falchion, a
                  | +0 scale mail, a scroll of fog; and the following spell
                  | memorised: Freeze; and the following spells available to
                  | memorise: Frozen Ramparts, Ensorcelled Hibernation.
     0 | D:1      | Reached XP level 1. HP: 15/15 MP: 3/3
    62 | D:1      | Succumbed to a kobold's poison

Illustrated notes

Levels and vault maps discovered:
D:1:      wander_arrival_fairy_ring, layout_basic, serial_shops, shop,
          nicolae_shop_waterfront, nicolae_shop_behind_doors, shop

Action                     || total
---------------------------++-------
  Melee: Falchion          ||    26
   Cast: Freeze            ||     1
 Armour: Scale mail        ||    24
  Dodge: Dodged            ||    15

Table legend: (Time is in decaauts)
 A = Elapsed time spent in this place.
 B = Non-inter-level travel time spent in this place.
 C = Inter-level travel time spent in this place.
 D = Time resting spent in this place.
 E = Time spent auto-exploring this place.
 F = Levels seen in this place.
 G = Mean time per level.
                   A        B        C        D        E       F      G
               +--------+--------+--------+--------+--------+-----+--------+
         Total |     68 |     68 |      0 |      0 |     25 |   1 |   68.0 |
       Dungeon |     68 |     68 |      0 |      0 |     25 |   1 |   68.0 |
               +--------+--------+--------+--------+--------+-----+--------+

Top non-repeatable levels by time:
     D:1: 68 daAuts
